 Dungeon Crawl Stone Soup version 0.31.0-1-g2c135a008e (webtiles) character file.

Game seed: 17881423631294970024

39 qw the Shooter (level 3, -3/29 HPs)
             Began as a Djinni Hunter on Jan 23, 2024.
             Slain by a gnoll
             ... wielding a +0 flail
              (8 damage)
             ... on level 2 of the Dungeon.
             The game lasted 00:00:01 (709 turns).

qw the Shooter (Djinni Hunter)                       Turns: 709, Time: 00:00:02

Health: -3/29      AC:  3    Str: 10    XL:     3   Next: 70%
Gold:   33         EV: 12    Int: 10    God:
                   SH:  0    Dex: 18

rFire   + + .        a - +0 shortbow
rCold   x . .        (shield currently unavailable)
rNeg    . . .        c - +0 leather armour
rPois   inf          (no helmet)
rElec   .            (no cloak)
rCorr   .            (no gloves)
SInv    .            (boots unavailable)
Will    .....        (no amulet)
Stlth   ++           (no ring)
HPRegen 0.24/turn    (no ring)
MPRegen 0.00/turn

%: infuse magic (-4 HP)
@: flying
A: sickness immunity, fire resistance 2, cold vulnerability 1, float, innate
caster, HP casting, extra vitality 1
a: no special abilities


You were on level 2 of the Dungeon.
You visited 1 branch of the dungeon, and saw 2 of its levels.

You collected 33 gold pieces.


Innate Abilities, Weirdness & Mutations

You are immune to sickness and miasma.
You are immune to poison.
Your flesh is very heat resistant. (rF++)
You are vulnerable to cold. (rC-)
You float through the air rather than walking.
You learn spells naturally, not from books.
Your magical power is your life essence.
You have superior vitality. (+4 MHP)


   Skills:
 + Level 2.3 Fighting
 - Level 4.1 Ranged Weapons
 - Level 2.1 Dodging
 - Level 0.7 Stealth


You knew the following spells:

 Your Spells              Type           Power      Damage    Failure   Level
a - Apportation           Tloc           0%         N/A       45%         1
Your spell library was empty.

Inventory:

Hand Weapons
 a - a +0 shortbow (weapon)
Armour
 c - a +0 leather armour (worn)

Dungeon Overview and Level Annotations

Branches:
Dungeon (2/15)

Altars:


Message History

The gnoll hits you with a +0 whip.
You shoot an arrow. The arrow barely misses the gnoll.
The arrow hits the gnoll.
You kill the gnoll!
The gnoll hits you with a +0 whip! The gnoll barely misses you.
Your Ranged Weapons skill increases to level 4!
You have reached level 3!
Your experience leads to an increase in your attributes!
Increase (S)trength, (I)ntelligence, or (D)exterity?
You feel agile. x2
The power to cast Apportation wells up from within.
Spell assigned to 'a'.
You shoot an arrow. The arrow hits the gnoll.
The gnoll is heavily wounded.
The gnoll hits you with a +0 whip.
You shoot an arrow. The arrow closely misses the gnoll.
The arrow hits the gnoll but does no damage.
The gnoll hits you but does no damage.
You shoot an arrow. The arrow barely misses the gnoll.
The arrow hits the gnoll.
The gnoll is lightly wounded.
The gnoll hits you but does no damage.
You shoot an arrow.
The arrow hits the gnoll but does no damage.
The gnoll is heavily wounded.
The gnoll closely misses you. The gnoll hits you with a +0 whip.
You shoot an arrow. The arrow hits the gnoll.
The gnoll is heavily wounded.
The gnoll hits you with a +0 whip.
You shoot an arrow. The arrow hits the gnoll!
You kill the gnoll!
You shoot an arrow. The arrow hits the gnoll.
The gnoll is moderately wounded.
The gnoll barely misses you.
You shoot an arrow. The arrow hits the gnoll.
The gnoll is moderately wounded.
The gnoll closely misses you.
You shoot an arrow.
The arrow hits the gnoll but does no damage.
The gnoll is moderately wounded.
The gnoll barely misses you. The gnoll hits you with a +0 flail!
You die...

.##+######.<#.#
.......%....#.#
............#.#
............#.#
#.)..g.....##.#
.##.####g..##.#
. #....#.#
#.####.#
#)g@...#
########


You could see a gnoll.

Vanquished Creatures
  3 gnolls (D:2)
  A quokka (D:1)
  A ball python (D:1)
  2 bats (D:1)
  3 frilled lizards
  A goblin (D:1)
  3 kobolds
  A rat (D:1)
15 creatures vanquished.

Notes
Turn   | Place    | Note
-------+----------+-------------------------------------------
     0 | D:1      | qw the Djinni Hunter began the quest for the Orb.
     0 | D:1      | Reached XP level 1. HP: 18/18 MP: 0/0
     0 | D:1      | 0 ||| qw: Version: 0.3-a-136-gdd3b4e8
     0 | D:1      | 0 ||| qw: Game counter: 1172
     0 | D:1      | 0 ||| qw: Melee chars always use a shield: true
     0 | D:1      | 0 ||| qw: God list: Okawaru
     0 | D:1      | 0 ||| qw: Allow faded altars: false
     0 | D:1      | 0 ||| qw: Do Orc after clearing Dungeon:15 true
     0 | D:1      | 0 ||| qw: Do second Lair branch before Depths: true
     0 | D:1      | 0 ||| qw: Lair rune preference: random
     0 | D:1      | 0 ||| qw: Goals: Normal
     0 | D:1      | 0 ||| PLANNING D:1-11
   178 | D:1      | Found a faded altar of an unknown god.
   217 | D:1      | Reached XP level 2. HP: 23/23 MP: 0/0
   590 | D:1      | 590 ||| READING scroll labelled MUEFRO UQYPS.
   591 | D:1      | 591 ||| READING scroll labelled RUEBAG XIJIUB.
   592 | D:1      | 592 ||| READING 2 scrolls labelled YTECYE YTOJEL.
   592 | D:1      | 592 ||| IDENTIFYING silvery potion
   593 | D:1      | 593 ||| READING scroll of identify.
   593 | D:1      | 593 ||| IDENTIFYING white potion
   594 | D:1      | 594 ||| DROPPING scroll of butterflies.
   595 | D:1      | 595 ||| DROPPING potion of invisibility.
   596 | D:1      | 596 ||| DROPPING potion of lignification.
   681 | D:2      | 681 ||| RETREEEEATING.
   684 | D:2      | 684 ||| RETREEEEATING.
   686 | D:2      | 686 ||| RETREEEEATING.
   688 | D:2      | 688 ||| RETREEEEATING.
   689 | D:2      | 689 ||| RETREEEEATING.
   691 | D:2      | 691 ||| RETREEEEATING.
   701 | D:2      | Reached skill level 4 in Ranged Weapons
   701 | D:2      | Reached XP level 3. HP: 13/28 MP: 0/0
   701 | D:2      | Learned a level 1 spell: Apportation
   705 | D:2      | HP: 4/28 [gnoll/+0 whip (4)]
   709 | D:2      | Slain by a gnoll

Levels and vault maps discovered:
D:1:      nagdon_arrival_double_spiral, layout_basic,
          ebering_ecumenical_altar_box, minivault_25,
          minmay_misc_feat_more_columns
D:2:      layout_basic

Skill      XL: |  1  2 |
---------------+-------+-----
Ranged Weapons | 4 |  4.1
Fighting       | |  2.3
Dodging        | |  2.1
Stealth        | |  0.7

Action                     || total
---------------------------++-------
   Fire: Shortbow          ||    62
    Use: Scroll            ||     4
 Armour: Leather armour    ||    19
  Dodge: Dodged            ||    22

Table legend:
 A = Non-vault XP
 B = Vault XP
 C = Vault XP percentage of total XP
 D = Non-vault monster count
 E = Vault monster count
 F = Vault count percentage of total count
                 A         B        C        D         E       F
            +---------+---------+-------+---------+---------+-------
      Total |      57 |       0 |   0.0 |      15 |       0 |   0.0
            +---------+---------+-------+---------+---------+-------
        D:1 |      11 |       0 |   0.0 |      10 |       0 |   0.0
        D:2 |      46 |       0 |   0.0 |       5 |       0 |   0.0
            +---------+---------+-------+---------+---------+-------
